cohdb
Replays
Latest Replays
All Replays
Popular Replays
Top Player Replays
Match Explorer
How It Works
Community
CoH3 Stats
Reddit
Sign in to upload your games and track your stats! →
Sign in with Steam
Match 38977076
Unlisted
Match 38977076
Overview
Messages
Build Orders
End
Kradschützen Motorcycle Team
Panzergrenadier Squad
Panzergrenadier Squad
250 Light Carrier
Construct Light Support Kompanie
Fire Support Elements
Assault Mechanized Group
Pak 38 Anti-tank Gun Team
Flakvierling Half-track
Construct Panzerarmee Kommand
Panzer III L Medium Tank
Selects Armored Support Battlegroup
Selects Superior Fire Drills
Vehicle Survival Package
Selects Flammpanzer III Medium Tank
Panzer III L Medium Tank
PayPerPaper
Briiz
0
0
Comments
sign in to comment!
No comments posted yet!